Map: Pillars of Gold LE

Players

Console

  • Race: Terran Terran
  • Spawn Location: 1:00

FREElancer - Winner!

  • Race: Terran Terran
  • League: Gold
  • Spawn Location: 7:00

VOD

Have the link to the VOD?

Description

Time

  • Played on: Sept. 21, 2020, 4:17 p.m.
  • Length: 12:25
Show
View Real Time Build Order
Export as new Build Order

Console Terran 

Build Orders:  

Get SALT Encoding   

  12  0:01  SCV  
  13  0:13  SCV  
  14  0:24  Supply Depot  
  14  0:25  SCV  
  15  0:31  Refinery  
  15  0:45  SCV  
  15  0:47  Barracks  
  16  0:57  SCV  
  17  1:09  SCV  
  18  1:21  SCV  
  19  1:34  SCV  
  21  1:47  Orbital Command  
  21  1:50  Marine  
  21  1:56  Bunker  
  21  2:04  Refinery  
  21  2:06  Barracks  
  21  2:10  Command Center  
  21  2:14  Reaper  
  22  2:22  SCV  
  23  2:35  Supply Depot  
  23  2:40  Supply Depot  
  23  2:46  Barracks Tech Lab  
  23  2:57  SCV, Supply Depot  
  24  3:07  Factory  
  24  3:09  SCV  
  25  3:17  Marine  
  25  3:18  Stimpack  
  26  3:21  SCV  
  27  3:51  Factory Tech Lab  
  27  3:53  Marine, Starport  
  26  4:13  Siege Tank  
  26  4:14  Marine  
  29  4:31  SCV  
  30  4:33  Marauder  
  30  4:34  Engineering Bay  
  30  4:36  Engineering Bay  
  32  4:43  Barracks  
  32  4:45  Siege Tank  
  35  4:52  SCV x2  
  37  4:54  Marine  
  38  5:11  Armory, Marine  
  39  5:16  Terran Infantry Weapons Level 1  
  39  5:17  Terran Infantry Armor Level 1  
  39  5:20  Missile Turret  
  40  5:21  SCV x2  
  41  5:29  Marine  
  41  5:32  Barracks  
  41  5:34  Barracks Reactor  
  42  5:47  Missile Turret  
  42  5:49  SCV  
  44  5:50  SCV  
  44  6:02  SCV x2, Medivac  
  48  6:07  Missile Turret  
  48  6:13  Marine x2  
  48  6:15  Combat Shield  
  48  6:16  Marauder  
  52  6:24  Siege Tank  
  55  6:32  Medivac  
  57  6:33  Refinery  
  57  6:35  SCV  
  57  6:36  SCV  
  59  6:53  SCV x2  
  59  6:54  Marine  
  61  6:57  Supply Depot  
  61  6:58  Supply Depot  
  62  7:13  Orbital Command  
  62  7:18  Medivac, Marine x3  
  62  7:19  SCV, Marauder  
  70  7:27  Terran Infantry Weapons Level 2  
  70  7:31  SCV  
  70  7:36  Marine x2  
  73  7:40  Refinery  
  73  7:41  SCV  
  73  7:43  SCV  
  71  8:12  Siege Tank  
  73  8:20  SCV x2  
  73  8:21  Marine x3  
  73  8:25  Supply Depot  
  78  8:27  Supply Depot  
  78  8:33  Terran Vehicle Weapons Level 1  
  78  8:40  Starport Reactor  
  78  8:42  Barracks Reactor  
  78  8:46  Marine x2  
  78  8:47  Command Center  
  75  8:54  Marine  
  76  8:57  SCV  
  76  8:58  SCV  
  78  9:04  Marine  
  79  9:12  SCV x2  
  79  9:15  Supply Depot  
  81  9:20  Viking x2  
  85  9:32  Barracks  
  85  9:34  Terran Infantry Armor Level 2  
  85  9:36  Barracks  
  85  9:52  Medivac  
  87  10:08  Marine x2  
  87  10:09  Marauder, Marine  
  87  10:10  Concussive Shells  
  92  10:20  Siege Tank  
  95  10:45  Marine x3  
  95  10:46  Marine  
  95  10:48  Marauder  
  95  10:49  Barracks Tech Lab  
  101  10:51  Supply Depot  
  101  10:54  Barracks Reactor  
  101  10:59  Starport  
  101  11:05  Medivac, Liberator  
  88  11:30  Siege Tank  
  88  11:35  Viking  
  89  11:59  Marine  
Show
View Real Time Build Order
Export as new Build Order

FREElancer Terran - Winner!

Build Orders: Reaper Expand 

Get SALT Encoding   

  12  0:01  SCV  
  13  0:13  SCV  
  14  0:18  Supply Depot  
  14  0:25  SCV  
  15  0:40  SCV  
  15  0:42  Barracks  
  16  0:49  Refinery  
  16  0:53  SCV  
  17  1:05  SCV  
  18  1:17  SCV  
  19  1:37  Orbital Command  
  19  1:41  Reaper  
  20  1:56  Command Center  
  20  2:04  Supply Depot  
  20  2:05  SCV  
  21  2:13  Marine  
  22  2:17  SCV  
  22  2:18  Bunker  
  23  2:30  Factory  
  23  2:31  SCV  
  23  2:35  Refinery  
  24  2:43  Barracks Reactor  
  24  2:44  SCV  
  25  2:56  SCV  
  26  3:01  Supply Depot  
  26  3:08  SCV  
  26  3:11  Orbital Command  
  27  3:16  Starport  
  27  3:18  Factory Tech Lab  
  27  3:20  SCV  
  28  3:32  Marine x2  
  30  3:43  Cyclone  
  30  3:46  SCV x2  
  35  3:58  SCV  
  35  3:59  SCV, Starport Tech Lab  
  37  4:10  SCV  
  37  4:11  SCV  
  39  4:17  Marine  
  39  4:18  Marine  
  39  4:19  Raven  
  42  4:26  SCV x2  
  42  4:30  Refinery  
  44  4:35  Marine  
  45  4:38  SCV x2  
  45  4:39  Command Center  
  47  4:50  SCV  
  47  4:51  SCV  
  49  4:56  Marine x2  
  51  5:02  Siege Tank  
  54  5:12  Supply Depot  
  54  5:14  Engineering Bay  
  54  5:16  Engineering Bay  
  54  5:25  Barracks  
  54  5:29  Barracks  
  54  5:34  Viking x2, SCV x2  
  54  5:35  Supply Depot  
  60  5:42  Refinery  
  60  5:46  SCV x2  
  62  5:51  Marine, Siege Tank  
  66  6:07  Supply Depot  
  66  6:08  Marine  
  67  6:11  Missile Turret  
  67  6:13  Stimpack  
  67  6:16  Barracks Reactor, Viking  
  67  6:17  Viking  
  71  6:21  Barracks Reactor  
  71  6:23  SCV x2, Siege Tank  
  71  6:24  Terran Infantry Weapons Level 1  
  76  6:34  Terran Infantry Armor Level 1  
  76  6:35  SCV x2  
  76  6:37  Orbital Command  
  78  6:47  SCV x2  
  78  6:53  Armory  
  80  6:59  SCV  
  80  7:00  SCV  
  82  7:02  Marine x5  
  87  7:11  SCV  
  88  7:20  Marine x2, Barracks  
  88  7:21  Barracks  
  90  7:41  Marine  
  90  7:42  Marine x2  
  93  7:48  Supply Depot  
  93  7:49  Supply Depot  
  93  7:51  Marine  
  91  8:14  Missile Turret  
  91  8:21  Barracks Reactor x2  
  91  8:23  Marine x2  
  93  8:27  Marine x3  
  96  8:40  Viking x2, Marine  
  96  8:41  Marine  
  102  8:45  Marine x3  
  102  8:47  Siege Tank  
  108  8:51  Supply Depot  
  108  8:52  Supply Depot  
  108  8:58  Marine x2  
  108  8:59  SCV x3, Refinery  
  113  9:03  Marine x3  
  113  9:05  Marine  
  117  9:12  Viking x2, SCV, Marine x3  
  117  9:13  SCV  
  117  9:14  Supply Depot  
  117  9:16  Supply Depot, Marine x2  
  128  9:19  Siege Tank  
  128  9:20  Marine x2  
  133  9:35  Marine x7  
  133  9:37  Supply Depot  
  140  9:38  Supply Depot, Marine x2  
  142  9:49  Medivac  
  142  9:50  Medivac  
  142  9:51  Siege Tank  
  149  9:58  Marine x8  
  157  10:00  Supply Depot, Marine  
  157  10:02  Supply Depot  
  158  10:10  Sensor Tower  
  158  10:15  Missile Turret, Refinery  
  158  10:16  Marine x4  
  158  10:19  Viking  
  164  10:25  Marine x5  
  169  10:32  Supply Depot  
  169  10:34  Marine  
  169  10:50  Marine x3  
  169  10:51  Marine x3  
  169  10:52  Siege Tank  
  178  10:57  Marine  
  178  10:58  Marine  
  177  11:24  Siege Tank  
  159  11:35  Marine x5  
  159  11:36  Marine x4  
  167  11:53  Marine x5  
  172  11:59  Marine  
Tags
 
League
Gold
Matchup
TvT
Race
Terran
Spawn Locations
Cross Positions
Add a new tag
Caveats
  • Supply blocks, unpowered buildings, or Contaminate may cause inaccurate times.
  • Supply counts are checked every 10 seconds.